AoeStats
← Lag

Black Forest

510247161Analyzed
4v4 RM · 22h ago on Sep 30, 2026· 62m 32s· 8 players
Game mode
Random Map
Map size
Large (8 player)
Population
200
Speed
Normal
Resources
Standard
Victory
Conquest
Starting age
Dark Age
Ending age
Imperial Age
RankedLock teamsTeams togetherTeam positionsShared explorationLock speedFull tech treeHidden civsTurbo modeCheats
Victory
Defeat
🇲🇽 Mongols · Mexico
713
+10
🇺🇸 Franks · United States
696
+11
🇲🇽 Khmer · Mexico
672
+12
🇺🇸 Khmer · United States
643
+13
🇨🇱 Turks · Chile
657
-14
🇨🇴 Romans · Colombia
637
-13
🇳🇿 Khitans · New Zealand
569
-11
🇺🇸 Britons · United States
475
-8
LATEAFNICE
1:41 Loom
11:02 Feudal Age
13:22 Wheelbarrow
12:33 Town Watch
17:36 Double-Bit Axe
26:07 Castle Age
25:18 Padded Archer Armor
25:09 Fletching
25:20 Scale Mail Armor
25:30 Forging
25:16 Stone Mining
27:30 Hand Cart
27:16 Town Patrol
29:49 Gold Mining
31:25 Horse Collar
31:59 Bow Saw
33:11 Gold Shaft Mining
34:58 Fortified Wall
34:59 Masonry
34:46 Murder Holes
34:31 Treadmill Crane
35:12 Ballistics
35:51 Leather Archer Armor
36:43 Heavy Plow
42:26 Imperial Age
42:45 Yeomen
43:14 Iron Casting
42:55 Chain Mail Armor
42:36 Bodkin Arrow
43:10 Elite Longbowman
44:49 Ring Archer Armor
44:27 Warwolf
44:48 Conscription
47:19 Two-Man Saw
47:17 Bracer
48:08 Architecture
48:58 Chemistry
50:03 Plate Mail Armor
50:34 Blast Furnace
52:41 Pikeman
53:21 Squires
53:07 Gambesons
53:08 Arson
54:39 Halberdier
Lamb Of God
1:49 Loom
13:47 Feudal Age
22:11 Castle Age
20:33 Double-Bit Axe
20:42 Gold Mining
23:57 Bow Saw
24:27 Gold Shaft Mining
32:21 Imperial Age
30:31 Wheelbarrow
34:38 Two-Man Saw
33:23 Heavy Scorpion
34:28 Ballistics
42:33 Artillery
killerClown9969
16:24 Feudal Age
18:18 Wheelbarrow
17:27 Horse Collar
17:36 Double-Bit Axe
28:34 Forging
28:31 Scale Barding Armor
28:38 Scale Mail Armor
32:03 Castle Age
30:06 Man-at-Arms
32:03 Stone Mining
32:04 Gold Mining
34:48 Hand Cart
35:13 Heavy Plow
35:57 Gold Shaft Mining
35:38 Caravan
36:59 Squires
39:27 Iron Casting
39:08 Chain Mail Armor
41:10 Ballistics
43:24 Imperial Age
41:39 Town Watch
42:29 Coinage
43:30 Scale Barding Armor
42:52 Long Swordsman
42:54 Pikeman
44:58 Conscription
45:05 Comitatenses
44:55 Ballistas
44:13 Elite Centurion
46:27 Chemistry
45:26 Murder Holes
45:43 Masonry
45:48 Siege Engineers
45:40 Halberdier
46:12 Heavy Scorpion
51:32 Architecture
52:49 Banking
52:30 Guilds
Lag
15:04 Feudal Age
21:04 Domestication
24:44 Castle Age
25:43 Pastoralism
31:06 Loom
33:50 Double-Bit Axe
34:53 Gold Mining
38:53 Caravan
44:33 Fortified Wall
44:36 Masonry
44:47 Ballistics
44:38 Fletching
44:51 Padded Archer Armor
50:49 Imperial Age
50:36 Coinage
51:54 Bow Saw
52:22 Transhumance
BRT Easy
6:37 Loom
13:26 Feudal Age
14:04 Horse Collar
14:51 Double-Bit Axe
20:48 Castle Age
19:39 Stone Mining
20:30 Wheelbarrow
23:20 Gold Mining
23:50 Bow Saw
24:18 Stone Shaft Mining
29:10 Hand Cart
29:19 Caravan
29:51 Coinage
31:10 Heavy Plow
34:48 Imperial Age
33:56 Tusk Swords
36:08 Conscription
35:11 Elite Ballista Elephant
39:33 Double Crossbow
41:47 Ballistics
42:29 Chemistry
43:10 Crop Rotation
43:19 Gold Shaft Mining
45:26 Scale Barding Armor
45:32 Forging
45:23 Scale Mail Armor
45:24 Padded Archer Armor
45:14 Fletching
45:43 Fortified Wall
45:45 Masonry
45:41 Siege Engineers
51:12 Chain Barding Armor
51:28 Iron Casting
51:09 Chain Mail Armor
51:10 Leather Archer Armor
50:51 Bodkin Arrow
51:52 Banking
59:04 Fervor
59:10 Redemption
59:29 Illumination
61:59 Plate Barding Armor
62:25 Blast Furnace
NewEdge1489
6:35 Loom
11:34 Feudal Age
17:21 Castle Age
20:09 Double-Bit Axe
35:56 Imperial Age
33:50 Bow Saw
33:33 Gold Mining
33:34 Stone Mining
36:55 Wheelbarrow
37:19 Gold Shaft Mining
37:19 Cavalier
38:00 Husbandry
39:06 Chemistry
38:18 Scale Barding Armor
38:23 Forging
39:49 Paladin
40:44 Pikeman
41:26 Squires
41:13 Gambesons
41:48 Halberdier
42:52 Chain Barding Armor
43:08 Iron Casting
42:36 Scale Mail Armor
43:02 Hand Cart
42:54 Light Cavalry
44:52 Fletching
45:49 Plate Barding Armor
47:40 Elite Skirmisher
48:40 Bodkin Arrow
48:46 Padded Archer Armor
49:14 Ballistics
53:35 Blast Furnace
TWT
2:10 Loom
13:46 Feudal Age
18:54 Castle Age
18:47 Double-Bit Axe
18:49 Horse Collar
20:56 Wheelbarrow
20:42 Bow Saw
21:07 Padded Archer Armor
20:58 Fletching
25:10 Stone Mining
30:12 Hand Cart
30:47 Nomads
30:54 Nomads
35:38 Imperial Age
34:32 Thumb Ring
34:27 Bodkin Arrow
34:33 Scale Mail Armor
35:19 Leather Archer Armor
35:56 Husbandry
36:09 Bloodlines
35:22 Light Cavalry
36:12 Caravan
36:48 Conscription
36:53 Bracer
37:04 Forging
37:29 Heavy Plow
37:11 Capped Ram
38:53 Masonry
38:39 Murder Holes
38:54 Fortified Wall
38:50 Siege Engineers
41:20 Iron Casting
40:51 Scale Barding Armor
41:01 Chain Mail Armor
41:45 Onager
41:54 Siege Ram
42:16 Hussar
44:01 Chemistry
43:21 Ballistics
43:39 Drill
44:07 Elite Mangudai
46:18 Blast Furnace
46:48 Siege Onager
48:16 Chain Barding Armor
48:27 Plate Mail Armor
murphyrh
4:14 Loom
13:55 Feudal Age
20:39 Castle Age
30:46 Caravan
31:07 Fishing Lines
32:27 Gold Mining
33:13 Double-Bit Axe
33:11 Horse Collar
36:18 Town Watch
37:08 Wheelbarrow
39:05 Imperial Age
36:52 Bow Saw
36:36 Stone Mining
36:59 Fortified Wall
36:46 Murder Holes
37:13 Gillnets
37:39 Heavy Plow
38:49 Stone Shaft Mining
38:49 Gold Shaft Mining
38:57 Hand Cart
38:44 Town Patrol
39:28 Scale Barding Armor
39:24 Scale Mail Armor
39:24 Padded Archer Armor
39:15 Fletching
39:35 Forging
40:29 Fervor
40:55 Coinage
41:37 Crop Rotation
42:10 Chemistry
41:31 Ballistics
41:19 Siege Engineers
40:40 Elite Ballista Elephant
41:22 Tusk Swords
41:43 Conscription
41:58 Double Crossbow
43:39 Heavy Scorpion
43:43 Capped Ram
44:31 Husbandry
44:42 Bloodlines
43:53 Cavalier
43:55 Light Cavalry
47:12 Chain Barding Armor
47:08 Chain Mail Armor
47:08 Leather Archer Armor
46:49 Bodkin Arrow
47:30 Iron Casting
46:36 Siege Ram
50:06 Plate Barding Armor
50:02 Ring Archer Armor
49:32 Bracer
50:33 Blast Furnace
61:34 Banking
61:54 Heated Shot
61:54 Guard Tower
62:10 Siphons
62:16 Clinker Construction
62:16 Careening
62:17 Masonry
62:21 Redemption
62:32 Sanctity
62:12 Devotion
62:38 Illumination
62:08 Herbal Medicine
62:49 Theocracy
Connection lost

Rejoining the realm…

Still unreachable

The connection could not be restored.

Session expired

The server has moved on; the page needs a fresh start.